 Dungeon Crawl Stone Soup version 0.14-a0-1313-gb2df4ef (webtiles) character file.

101 Psiweapon the Digger (level 4, -1/25 HPs)
             Began as a Kobold Earth Elementalist on Dec 5, 2013.
             Slain by runewalsh's ghost (4 damage)
             ... on Level 3 of the Dungeon.
             The game lasted 00:09:07 (1959 turns).

Psiweapon the Digger (Kobold Earth Elementalist)    Turns: 1959, Time: 00:09:07

HP  -1/25        AC  3     Str 10      XL: 4   Next: 44%
MP   5/7         EV 16     Int 13      God:
Gold 31          SH  0     Dex 15      Spells:  2 memorised,  4 levels left

rFire  . . .     SeeInvis .     r - +0 elf dagger
rCold  . . .     Clarity  .     c - +0 robe
rNeg   . . .     Conserve .     (no shield)
rPois  .         rCorr    .     i - +0 helmet
rElec  .         rRot     .     (no cloak)
SustAb . .       Spirit   .     (no gloves)
rMut   .         Warding  .     (no boots)
Saprov + + .     Stasis   .     (no amulet)
                                (no ring)
                                n - +2 ring of strength

@: very slightly contaminated, slightly resistant to hostile enchantments,
stealthy
A: disease resistance, carnivore 3, saprovore 2
a: no special abilities


You were on level 3 of the Dungeon.
You were completely stuffed.

You visited 1 branch of the dungeon, and saw 3 of its levels.

You collected 31 gold pieces.

Inventory:

Hand weapons
 e - a +0,+0 whip
 o - a -1,+0 orcish dagger
 r - a +0,+0 elven dagger (weapon)
Missiles
 b - 16 stones
 g - 10 darts (quivered)
Armour
 c - a +0 robe (worn)
 i - a +0 helmet (worn)
Comestibles
 a - 2 meat rations
 p - a chunk of goblin flesh
Scrolls
 f - 5 scrolls of identify {unknown}
 j - a scroll of remove curse {unknown}
 k - 2 scrolls of fog {unknown}
 l - a scroll of curse armour {unknown}
 m - a scroll of noise {unknown}
Jewellery
 n - a +2 ring of strength (left hand)
Potions
 h - a potion of heal wounds {unknown}
Books
 d - a book of Geomancy

   Spells                             Type                      Level
   *Sandblast                         Earth                        1
   *Stoneskin                         Transmutation/Earth          2
   Passwall                           Transmutation/Earth          3
   Stone Arrow                        Conjuration/Earth            3
   Petrify                            Transmutation/Earth          4
   Lee's Rapid Deconstruction         Earth                        5


   Skills:
 + Level 1.4 Fighting
 + Level 3.3 Dodging
 + Level 3.4 Stealth
 - Level 2.0 Spellcasting
 - Level 0.8 Transmutations
 + Level 3.9 Earth Magic


You had 4 spell levels left.
You knew the following spells:

 Your Spells              Type           Power        Failure   Level  Hunger
a - Sandblast             Erth           ##....       8%          1    ##.....
b - Stoneskin             Trmt/Erth      #.........   17%         2    ###....


Dungeon Overview and Level Annotations

Branches:
Dungeon (3/16)

Altars:

Annotations:
D:3 Sigmund; Terence; runewalsh's ghost, average OpWz


Innate Abilities, Weirdness & Mutations

You recuperate from illness quickly.
You are small and have problems with some larger weapons.
You are carnivorous and can eat meat at any time.
You can eat rotten meat.


Message History

The magic dart hits you!
You closely miss the iron imp.
Your skin feels tender.
The iron imp barely misses you.
You hit the iron imp but do no damage.
Runewalsh's ghost gestures at you while chanting.
The magic dart hits you!
The iron imp hits you but does no damage.
You closely miss the iron imp. Runewalsh's ghost barely misses you.
Sigmund comes into view.
He is wielding a scythe.
You hit runewalsh's ghost.
Runewalsh's ghost is lightly damaged.
The iron imp misses you.
Sigmund moves out of view.
Runewalsh's ghost gestures at you while chanting.
The magic dart hits you!
* * * LOW HITPOINT WARNING * * *
You completely miss runewalsh's ghost.
Runewalsh's ghost is lightly damaged.
Runewalsh's ghost hits you.
You die...

. ### ..# #.. p....
#.# ..#. #.# ... #.#
..# ### #.# ..#
##.######@##ยง.##...#
..@.....5p%........
#%######.##..###.##
#<# #.......#
#.####.####..#
#.......# >....
#.......# ..###
#.......# ..#
#.......# ..#


You could see Sigmund, an iron imp and runewalsh's ghost.

Vanquished Creatures
  A gnoll (D:1)
  An adder (D:2)
  2 giant geckos (D:1)
  An ooze (D:1)
  10 bats
  7 giant cockroaches
  8 goblins
  3 hobgoblins (D:1)
  4 kobolds (D:1)
  8 giant newts
  4 rats
49 creatures vanquished.

Notes
Turn   | Place    | Note
--------------------------------------------------------------
     0 | D:1      | Psiweapon, the Kobold Earth Elementalist, began the quest for the Orb.
     0 | D:1      | Reached XP level 1. HP: 10/10 MP: 3/3
   212 | D:1      | Reached XP level 2. HP: 15/15 MP: 2/4
   370 | D:1      | Learned a level 2 spell: Stoneskin
   593 | D:1      | Reached XP level 3. HP: 18/20 MP: 6/6
   983 | D:1      | Reached skill level 1 in Fighting
  1362 | D:1      | Reached XP level 4. HP: 22/25 MP: 7/7
  1935 | D:3      | Noticed Terence
  1937 | D:3      | Noticed runewalsh's ghost (average OpWz)
  1958 | D:3      | Noticed Sigmund
  1959 | D:3      | Slain by runewalsh's ghost

Action                   |  1- 3 |  4- 6 || total
-------------------------+-------+-------++-------
Melee: Whip              |    62 |       ||    62
       Dagger            |    53 |    72 ||   125
Throw: Dart              |     2 |       ||     2
       Stone             |     1 |       ||     1
 Cast: Sandblast         |    23 |     9 ||    32
       Stoneskin         |     8 |     5 ||    13
 Stab: Sleeping          |     4 |     4 ||     8
